 Dungeon Crawl Stone Soup version 0.31-a0-117-g42d8f58691 (webtiles) character file.

Game seed: 13915774420117863133

43 MackTheKnife the Cutter (level 3, -2/28 HPs)
             Began as a Vine Stalker Berserker on May 30, 2023.
             Was a Follower of Trog.
             Succumbed to Ijyb's poison
             ... on level 3 of the Dungeon.
             The game lasted 00:01:03 (213 turns).

MackTheKnife the Cutter (Vine Stalker Berserker)     Turns: 213, Time: 00:01:04

Health: -2/28      AC:  8    Str: 19    XL:     3   Next: 58%
Magic:  2/4        EV:  5    Int:  7    God:    Trog [*.....]
Gold:   75         SH:  0    Dex: 15    Spells: 2/2 levels left

rFire   . . .        a - +0 short sword {short}
rCold   . . .        (no shield)
rNeg    . . .        d - +0 chain mail
rPois   .            (no helmet)
rElec   .            (no cloak)
rCorr   .            (no gloves)
SInv    .            (no boots)
Will    .....        (no amulet) Stlth
                     (no ring)
HPRegen 0.24/turn    (no ring)
MPRegen 0.09/turn

%: guardian spirit
@: berserking, lethally poisoned (-2 -> -16), grasped by roots, constricted,
very quick
A: fangs 2, magic shield, antimagic bite, no potion heal 2
a: Renounce Religion, Berserk


You were on level 3 of the Dungeon.
You worshipped Trog.
Trog was aware of your devotion.
You visited 1 branch of the dungeon, and saw 3 of its levels.

You collected 75 gold pieces.


Innate Abilities, Weirdness & Mutations

You have extremely sharp teeth.
When hurt, damage is shared between your health and your magic reserves.
Your bite disrupts and absorbs the magic of your enemies.
Potions cannot restore your health.


   Skills:
 - Level 2.6 Fighting
 + Level 4.1 Short Blades
 - Level 1.5 Armour
 - Level 1.5 Dodging


You had 2 spell levels left.
You didn't know any spells.
Your spell library was empty.

Inventory:

Hand Weapons
 a - a +0 short sword (weapon) {short}
Armour
 d - a +0 chain mail (worn)
   (You found it on level 2 of the Dungeon)
Wands
 c - a wand of digging (6)
   (You took it off Jessica on level 2 of the Dungeon)
Potions
 b - a potion of mutation {unknown}

Dungeon Overview and Level Annotations

Branches:
Dungeon (3/15) Zot: 17772

Altars:

Annotations:
D:3 Ijyb

#### ...### #...########
#...#......#
########........#
.......#........## ###
######....†......##.....
#####......@g......
#......##......
#....).....$...
#......#.#.....
########... ... ... ..
...... .... ....


You could see Ijyb.


Message History

😕 HP[+1]
The giant cockroach bites you but does no damage.
You barely miss the giant cockroach.
You bite the giant cockroach, but do no damage.
The giant cockroach bites you but does no damage.
You hit the giant cockroach.
You kill the giant cockroach!
Trog accepts your kill. 😕 HP[+1]
You see here a giant cockroach corpse.
A ball python comes into view.
The ball python hisses angrily. 😎 HP[+1]
Your hp is fully restored (19).
You hit the ball python.
The ball python bites you but does no damage.
The ball python barely misses you.
You closely miss the ball python. Your bite misses the ball python.
The ball python barely misses you. x2
You hit the ball python.
The ball python bites you but does no damage.
The ball python barely misses you.
You hit the ball python but do no damage.
You bite the ball python.
You kill the ball python!
Trog accepts your kill.
You now have 68 gold pieces (gained 7).
An endoplasm comes into view.
The endoplasm quivers.
You see here 7 gold pieces.
You now have 75 gold pieces (gained 7).
The endoplasm hits you but does no damage.
You hit the endoplasm. You bite the endoplasm. You drain its power.
The endoplasm hits you but does no damage.
You hit the endoplasm but do no damage.
The endoplasm hits you but does no damage.
You hit the endoplasm.
You kill the endoplasm!
Trog accepts your kill.
No target in view!
A dart slug comes into view.
The dart slug launches a dart at you.
The slug dart hits you but does no damage.
The dart slug launches a dart at you.
The slug dart hits you but does no damage.
The dart slug launches a dart at you. The slug dart misses you.
The dart slug launches a dart at you.
The slug dart hits you but does no damage.
You completely miss the dart slug. You hit the dart slug but do no damage.
You bite the dart slug. You drain its power.
The dart slug bites you but does no damage.
You hit the dart slug. You bite the dart slug. You drain its power.
You hit the dart slug.
The dart slug bites you but does no damage.
You hit the dart slug. You bite the dart slug. You drain its power.
You hit the dart slug. You bite the dart slug.
You kill the dart slug!
Trog accepts your kill.
You see here a dart slug corpse.
Ijyb the Twisted Goblin comes into view.
She is wielding a +2 dagger of venom, wearing a +2 ring mail of poison resistance and carrying a wand of roots (14).
You closely miss Ijyb. You bite Ijyb. You drain her power.
You barely miss Ijyb. You bite Ijyb, but do no damage.
Ijyb hits you but does no damage.
You are poisoned.
You hit Ijyb but do no damage.
You feel sick.
Ijyb hits you but does no damage. 😕 HP[-2]
You take 2 damage, and now have 17/19 hp.
Unknown command.
You hit Ijyb but do no damage. You bite Ijyb. You drain her power.
You feel sick.
Ijyb hits you with a +2 dagger of venom.
You are lethally poisoned! 😮 HP[-6] MP[-1]
You take 6 damage, and now have 11/19 hp.
MASSIVE DAMAGE!! (PAUSE)
You lost 1 mp, and now have 3/4 mp.
Okay, then.
Unknown command.
You fail to use your ability.
* * * LOW HITPOINT WARNING * * *
You feel very sick.
Ijyb zaps a wand.
The roots erupt in riotous growth!
The grasping roots grab you!
Ijyb is unaffected.
The grasping roots constrict you.
* * * LOW HITPOINT WARNING * * *
You hear a shout!
You closely miss Ijyb. You bite Ijyb, but do no damage.
* * * LOW HITPOINT WARNING * * *
You feel very sick. 😱 HP[-10] MP[-1]
You take 10 damage, and now have 1/19 hp.
MASSIVE DAMAGE!! (PAUSE)
You lost 1 mp, and now have 2/4 mp.
Unknown command.
A red film seems to cover your vision as you go berserk!
You feel yourself moving faster!
You feel mighty!
You die...

Skill      XL: |  1  2  3 |
---------------+----------+-----
Short Blades   | 3 4 |  4.1
Fighting       | |  2.6
Armour         | |  1.5
Dodging        | |  1.5

Action                     || total
---------------------------++-------
  Melee: Short sword       ||    35
         Bite              ||    15
 Invoke: Berserk           ||     2
 Armour: Chain mail        ||    21
  Dodge: Dodged            ||     9

Levels and vault maps discovered:
D:1:      scummos_arrival_star, layout_basic, hex_medium,
          minmay_misc_feat_doors, minmay_shallow_snake_nest
D:2:      minmay_general_purpose_star, layout_rooms, uniq_jessica
D:3:      layout_rooms, marbit_many_paths, yredelemnul_altar_generic,
          dilly_ecumenical_altar_fadedgnrine, gammafunk_ghost_mausoleum,
          uniq_ijyb, uniq_natasha

Notes
Turn   | Place    | Note
-------+----------+-------------------------------------------
     0 | D:1      | MackTheKnife the Vine Stalker Berserker began the quest for
                  | the Orb.
     0 | D:1      | Reached XP level 1. HP: 11/11 MP: 2/2
     0 | D:1      | magus.rc [v1.9.6]
    13 | D:2      | Noticed Jessica
    23 | D:2      | HP: 2/11 [Jessica/+0 club (6)]
    25 | D:2      | Killed Jessica
    26 | D:2      | Reached skill level 3 in Short Blades
    26 | D:2      | Reached XP level 2. HP: 3/16 MP: 0/3
    26 | D:2      | Reached XP level 3. HP: 3/19 MP: 0/4
   114 | D:2      | Reached skill level 4 in Short Blades
   201 | D:3      | Noticed Ijyb
   212 | D:3      | HP: 1/19 [poisoned by Ijyb]
   213 | D:3      | Succumbed to Ijyb's poison

Vanquished Creatures
  Jessica (D:2)
  An adder (D:2)
  A dart slug (D:3)
  An endoplasm (D:3)
  A giant cockroach (D:3)
  A goblin (D:2)
  A ball python (D:3)
  A rat (D:2)
8 creatures vanquished.

Table legend:
 A = Non-vault XP
 B = Vault XP
 C = Vault XP percentage of total XP
 D = Non-vault monster count
 E = Vault monster count
 F = Vault count percentage of total count
                 A         B        C        D         E       F
            +---------+---------+-------+---------+---------+-------
      Total |      25 |      37 |  59.7 |       7 |       1 |  12.5
            +---------+---------+-------+---------+---------+-------
        D:2 |      16 |      37 |  69.8 |       3 |       1 |  25.0
        D:3 |       9 |       0 |   0.0 |       4 |       0 |   0.0
            +---------+---------+-------+---------+---------+-------

Skill      XL: |  1  2  3 |
---------------+----------+-----
Short Blades   | 3 4 |  4.1
Fighting       | |  2.6
Armour         | |  1.5
Dodging        | |  1.5

Action                     || total
---------------------------++-------
  Melee: Short sword       ||    35
         Bite              ||    15
 Invoke: Berserk           ||     2
 Armour: Chain mail        ||    21
  Dodge: Dodged            ||     9

Illustrated notes

Table legend:
 A = Kills in this place as a percentage of kills in the entire game.
 B = Kills by you in this place as a percentage of kills by you in the entire game.
 C = Kills by friends in this place as a percentage of kills by friends in the entire game.
 D = Other kills in this place as a percentage of other kills in the entire game.
 E = Experience gained in this place as a percentage of experience gained in the entire game.
 F = Experience gained in this place divided by the number of levels of this place that you have seen.
                   A       B       C       D       E      F
               +-------+-------+-------+-------+-------+----------------------
         Total | 100.0 | 100.0 |   N/A |   N/A | 100.0 |  20.7
       Dungeon | 100.0 | 100.0 |   N/A |   N/A | 100.0 |  20.7
               +-------+-------+-------+-------+-------+----------------------

Table legend: (Time is in decaauts)
 A = Elapsed time spent in this place.
 B = Non-inter-level travel time spent in this place.
 C = Inter-level travel time spent in this place.
 D = Time resting spent in this place.
 E = Time spent auto-exploring this place.
 F = Levels seen in this place.
 G = Mean time per level.
                   A        B        C        D        E       F      G
               +--------+--------+--------+--------+--------+-----+--------+
         Total |    227 |    227 |      0 |      0 |      0 |   3 |   75.7 |
       Dungeon |    227 |    227 |      0 |      0 |      0 |   3 |   75.7 |
               +--------+--------+--------+--------+--------+-----+--------+

Top non-repeatable levels by time:
     D:2: 152 daAuts
     D:3: 66 daAuts
     D:1: 9 daAuts
